 Dungeon Crawl Stone Soup version 0.17-a0-1132-g5dd4065 (console) character file.

408 Garrluk the Slasher (level 7, -10/52 HPs)
             Began as a Formicid Fighter on May 25, 2015.
             Mangled by an ogre
             ... wielding a +0 giant club
              (24 damage)
             ... on level 4 of the Dungeon.
             The game lasted 00:06:50 (2925 turns).

Garrluk the Slasher (Formicid Fighter)              Turns: 2925, Time: 00:06:50

Health: -10/52     AC:  9    Str: 22    XL:     7   Next: 13%
Magic:  7/7        EV:  6    Int:  7    God:
Gold:   208        SH:  9    Dex: 11    Spells: 0 memorised, 6 levels left

rFire  . . .     SeeInvis +     a - +0 long sword
rCold  . . .     Clarity  .     j - +0 chain mail
rNeg   . . .     SustAt   .     c - +0 shield
rPois  +         Gourm    .     (helmet unavailable)
rElec  .         Spirit   .     (no cloak)
rCorr  .         Warding  .     (no gloves)
rMut   .         Stasis   +     (no boots)
MR     .....                    b - amulet of regeneration
Stlth  ..........               (no ring)
                                n - ring of poison resistance

@: not resistant to hostile enchantments, extremely unstealthy
A: permanent stasis, dig shafts and tunnels, four strong arms, antennae 3
a: Dig, Shaft Self


You were on level 4 of the Dungeon.
You were not hungry.

You visited 1 branch of the dungeon, and saw 4 of its levels.

You collected 208 gold pieces.

Notes
Turn   | Place    | Note
--------------------------------------------------------------
     0 | D:1      | Garrluk the Formicid Fighter began the quest for the Orb.
     0 | D:1      | Reached XP level 1. HP: 18/18 MP: 1/1
   187 | D:1      | Reached XP level 2. HP: 21/24 MP: 2/2
   565 | D:1      | Reached XP level 3. HP: 18/29 MP: 3/3
   954 | D:2      | Found a sparkling altar of Nemelex Xobeh.
   955 | D:2      | Found a burning altar of Makhleb.
  1004 | D:2      | Reached skill level 4 in Long Blades
  1004 | D:2      | Reached XP level 4. HP: 35/35 MP: 4/4
  1461 | D:2      | Found a radiant altar of Vehumet.
  1780 | D:3      | Reached XP level 5. HP: 10/41 MP: 5/5
  2052 | D:3      | Reached skill level 5 in Long Blades
  2412 | D:3      | Reached XP level 6. HP: 21/47 MP: 6/6
  2624 | D:4      | Reached skill level 6 in Long Blades
  2630 | D:4      | Found an ancient bone altar of Kikubaaqudgha.
  2631 | D:4      | Found a blossoming altar of Fedhas.
  2776 | D:4      | Reached skill level 7 in Long Blades
  2776 | D:4      | Reached XP level 7. HP: 27/52 MP: 7/7
  2925 | D:4      | Mangled by an ogre

Inventory:

Hand weapons
 a - a +0 long sword (weapon)
 p - the +7 Singing Sword
   (You found it on level 4 of the Dungeon)
Armour
 c - a +0 shield (worn)
 j - a +0 chain mail (worn)
   (You found it on level 4 of the Dungeon)
Jewellery
 b - an amulet of regeneration (around neck)
   (You found it on level 4 of the Dungeon)
 n - a ring of poison resistance (left hand)
   (You found it on level 1 of the Dungeon)
 x - an uncursed ring of wizardry
   (You found it on level 3 of the Dungeon)
 z - an uncursed amulet of warding
   (You found it on level 3 of the Dungeon)
Scrolls
 k - 2 scrolls of teleportation {unknown}
 l - a scroll of enchant armour {unknown}
 o - 2 scrolls of enchant weapon {unknown}
 r - a scroll of recharging {unknown}
 t - 2 scrolls of blinking {unknown}
 u - a scroll of immolation {unknown}
 v - a scroll of amnesia {unknown}
 w - 2 scrolls of identify {unknown}
 y - 4 scrolls of remove curse {unknown}
 A - 3 scrolls of fear {unknown}
Potions
 d - a potion of might
 f - a potion of cure mutation {unknown}
 h - 5 potions of heal wounds {unknown}
 i - a potion of flight
 s - a potion of magic {unknown}
Comestibles
 e - 2 bread rations
 g - 4 meat rations
 m - 4 fruits
 q - 2 slices of pizza
 B - a chunk of flesh

Table legend:
 A = Turns spent in this place as a percentage of turns spent in the entire game.
 B = Non-inter-level travel turns spent in this place as a percentage of non-inter-level travel turns spent in the entire game.
 C = Inter-level travel turns spent in this place as a percentage of turns spent in this place.
 D = Turns resting spent in this place as a percentage of non-inter-level travel turns spent in this place.
 E = Turns spent auto-exploring this place as a percentage of non-inter-level travel turns spent in this place.
 F = Non-inter-level travel turns spent in this place divided by the number of levels of this place that you've seen.
                   A       B       C       D       E      F
               +-------+-------+-------+-------+-------+----------------------
         Total | 100.0 | 100.0 |   0.3 |   1.4 |   7.9 | 261.2
       Dungeon | 100.0 | 100.0 |   0.3 |   1.4 |   7.9 | 261.2
               +-------+-------+-------+-------+-------+----------------------


   Skills:
 - Level 3.2 Fighting
 * Level 7.1 Long Blades
 - Level 3.2 Armour
 - Level 3.6 Shields


You had 6 spell levels left.
You didn't know any spells.

Dungeon Overview and Level Annotations

Branches:
Dungeon (4/15)
 Temple: D:4-7

Altars:
Fedhas
Kikubaaqudgha
Makhleb
Nemelex Xobeh
Vehumet


Innate Abilities, Weirdness & Mutations

You are under a permanent stasis effect.
You can dig through walls and to a lower floor.
Your four strong arms can wield two-handed weapons with a shield.
You have a pair of large antennae on your head (SInv).


Message History

You butcher the bat corpse.
B - a chunk of flesh
There is a stone staircase leading up here.
You climb upwards.
There is a stone staircase leading down here.
You climb downwards.
There is a stone staircase leading up here.
An ogre comes into view. It is wielding a giant club.
Found 19 arrows and 21 stones.
You hit the ogre.
The ogre is lightly wounded.
The ogre hits you with a giant club!!
You completely miss the ogre.
The ogre is lightly wounded.
The ogre hits you with a giant club!
* * * LOW HITPOINT WARNING * * *
You hit the ogre.
The ogre is moderately wounded.
The ogre hits you with a giant club!!
You die...

##.### #.#
#########.#
#.........# .(#
#<######### (.# {
#.# ..# #.# ..#
#.# ..# #.#
..###.# #.#
######.......
#.#########..@O..#
#...........######
#############


You could see an ogre.

Table legend:
 A = Kills in this place as a percentage of kills in entire the game.
 B = Kills by you in this place as a percentage of kills by you in the entire game.
 C = Kills by friends in this place as a percentage of kills by friends in the entire game.
 D = Other kills in this place as a percentage of other kills in the entire game.
 E = Experience gained in this place as a percentage of experience gained in the entire game.
 F = Experience gained in this place divided by the number of levels of this place that you have seen.
                   A       B       C       D       E      F
               +-------+-------+-------+-------+-------+----------------------
         Total | 100.0 | 100.0 |  -nan |  -nan | 100.0 | 146.0
       Dungeon | 100.0 | 100.0 |  -nan |  -nan | 100.0 | 146.0
               +-------+-------+-------+-------+-------+----------------------

Vanquished Creatures
  Monster Symbol All 'J'
  An ooze (D:2)
1 creature vanquished. All 'K' 14 kobolds
14 creatures vanquished. All 'S' 10 adders 2 ball pythons (D:3)
12 creatures vanquished. All 'Z' A giant frog skeleton (D:4)
1 creature vanquished. All 'b' 18 bats
18 creatures vanquished. All 'g' 8 goblins 5 hobgoblins
13 creatures vanquished. All 'h' 4 jackals (D:3)
4 creatures vanquished. All 'l' 2 giant geckos 3 giant newts (D:2)
5 creatures vanquished. All 'o' An orc priest (D:3) An orc wizard (D:3) 4 orcs (D:3)
6 creatures vanquished. All 'r' 2 quokkas (D:2) 4 rats
6 creatures vanquished. All 's' 3 scorpions (D:4) 4 giant cockroaches
7 creatures vanquished.
87 creatures vanquished. Monster Nature Natural Monsters 3 scorpions (D:4) An orc priest (D:3) An orc wizard (D:3) 10 adders An ooze (D:2) 2 giant geckos 4 orcs (D:3) 18 bats 4 giant cockroaches 8 goblins 5 hobgoblins 14 kobolds 2 quokkas (D:2) 2 ball pythons (D:3) 3 giant newts (D:2) 4 jackals (D:3) 4 rats
86 creatures vanquished. Undead Monsters A giant frog skeleton (D:4)
1 creature vanquished.
87 creatures vanquished. Ascending Order A giant frog skeleton (D:4) An orc priest (D:3) An orc wizard (D:3) An ooze (D:2) 2 giant geckos 2 quokkas (D:2) 2 ball pythons (D:3) 3 scorpions (D:4) 3 giant newts (D:2) 4 orcs (D:3) 4 giant cockroaches 4 rats 4 jackals (D:3) 5 hobgoblins 8 goblins 10 adders 14 kobolds 18 bats
87 creatures vanquished.

Action                   |  1- 3 |  4- 6 |  7- 9 || total
-------------------------+-------+-------+-------++-------
Melee: Long sword        |    93 |   225 |    21 ||   339
 Abil: Dig               |       |    10 |       ||    10
  Use: Potion            |       |     3 |       ||     3
  Eat: Chunk             |       |     7 |     1 ||     8
